 Dungeon Crawl Stone Soup version 0.18-a0-1718-g40ea4b6 (webtiles) character file.

185 namelastname112 the Ruffian (level 5, 0/33 HPs)
             Began as a Gargoyle Monk on Apr 8, 2016.
             Slain by an orc (2 damage)
             ... on level 3 of the Dungeon.
             The game lasted 00:02:39 (1783 turns).

namelastname112 the Ruffian (Gargoyle Monk)         Turns: 1783, Time: 00:02:40

Health: 0/33       AC: 17    Str: 20    XL:     5   Next: 64%
Magic:  5/5        EV:  6    Int: 10    God:
Gold:   95         SH:  0    Dex: 12    Spells: 0 memorised, 4 levels left

rFire  . . .     SeeInvis .       - Unarmed
rCold  . . .     Gourm    .     g - +1 plate armour {rPois}
rNeg   + . .     Faith    .     (no shield)
rPois  ∞         Spirit   .     (no helmet)
rElec  +         Dismiss  .     (no cloak)
rCorr  .         Reflect  .     (no gloves)
SustAt .         Harm     .     e - +0 pair of boots
MR     .....                    (no amulet)
Stlth  ..........               (no ring)
                                o - +4 ring of strength

@: not resistant to hostile enchantments, extremely unstealthy
A: negative energy resistance 1, electricity resistance, unbreathing,
petrification resistance, rot immunity, AC +4
a: no special abilities


You were on level 3 of the Dungeon.
You were not hungry.

You visited 1 branch of the dungeon, and saw 3 of its levels.

You collected 95 gold pieces.

Inventory:

Armour
 e - a +0 pair of boots (worn)
 g - a +1 plate armour of poison resistance (worn)
Jewellery
 o - a +4 ring of strength (left hand)
Scrolls
 c - 3 scrolls of identify {unknown}
 d - a scroll of immolation {unknown}
 h - a scroll of blinking {unknown}
 j - 2 scrolls of magic mapping {unknown}
 k - a scroll of enchant weapon {unknown}
 l - a scroll of remove curse {unknown}
 q - 3 scrolls of teleportation {unknown}
Potions
 f - a potion of degeneration {unknown}
 m - a potion of cure mutation {unknown}
 n - 2 potions of resistance {unknown}
 p - a potion of mutation {unknown}
Comestibles
 b - 4 bread rations
 i - a slice of pizza
 r - 12 chunks of flesh


   Skills:
 + Level 4.1 Fighting
 + Level 2.2 Armour
 + Level 3.0 Dodging
 - Level 2.1 Stealth
 * Level 5.3 Unarmed Combat


You had 4 spell levels left.
You didn't know any spells.

Dungeon Overview and Level Annotations

Branches:
Dungeon (3/15)

Altars:
Cheibriados
Dithmenos
The Shining One


Innate Abilities, Weirdness & Mutations

You are resistant to torment.
Your stone body is resilient (AC +4).
You are immune to poison.
You resist negative energy.
You are resistant to electric shocks.
You can survive without breathing.
You are immune to petrification.
You are immune to rotting.


Message History

The orc priest casts a cantrip, but nothing happens.
Found an escape hatch in the floor.
You closely miss the orc. You punch the orc!
You kill the orc!
The orc priest calls down the wrath of Beogh upon you.
Pain shoots through your body!
You completely miss the orc. You completely miss the orc.
The orc hits you but does no damage.
You hit the orc.
The orc is heavily wounded.
The orc hits you but does no damage.
The orc priest calls down the wrath of Beogh upon you.
Beogh smites you!
* * * LOW HITPOINT WARNING * * *
Drink which item? (? for menu, Esc to quit)
It was a potion of cancellation.
You feel magically purged.
The orc wizard mumbles some strange words.
The orc wizard seems to speed up.
The orc hits you.
You die...

##...## ...
#. ##.#...#
. #.
#......#
###.
#......##
#...
#...)...+
'...
###....o###
#...
......oo#
##..
#.#.###o#
#.. # #@#
#.# #.# #
#.# #># ..#
###


You could see an orc priest, an orc wizard and 2 orcs.

Vanquished Creatures
  The ghost of barb4r1an the Sneak, an amateur NaAs of Elyvilon (D:3)
  An orc priest (D:3)
  An ooze (D:2)
  3 worms (D:3)
  A giant gecko (D:3)
  5 orcs (D:3)
  5 giant cockroaches
  6 goblins
  5 hobgoblins
  3 jackals (D:2)
  2 quokkas (D:2)
  A ball python (D:1)
  4 bats
  3 giant newts (D:1)
  5 kobolds
  5 rats
51 creatures vanquished.

Notes
Turn   | Place    | Note
--------------------------------------------------------------
     0 | D:1      | namelastname112 the Gargoyle Monk began the quest for the Orb.
     0 | D:1      | Reached XP level 1. HP: 14/14 MP: 1/1
   204 | D:1      | Reached XP level 2. HP: 19/19 MP: 2/2
   729 | D:2      | Reached XP level 3. HP: 17/23 MP: 3/3
   769 | D:2      | Found a shadowy altar of Dithmenos.
   887 | D:2      | Found a snail-covered altar of Cheibriados.
  1192 | D:3      | Reached skill level 1 in Armour
  1330 | D:3      | Noticed barb4r1an's ghost (amateur NaAs)
  1380 | D:3      | Killed barb4r1an's ghost
  1380 | D:3      | Reached skill level 5 in Unarmed Combat
  1380 | D:3      | Reached XP level 4. HP: 15/29 MP: 4/4
  1380 | D:3      | Reached XP level 5. HP: 17/33 MP: 5/5
  1748 | D:3      | Found a glowing golden altar of the Shining One.
  1783 | D:3      | Slain by an orc

Vault maps used:
D:1:      elethiomel_arrival_quiet, corexii_item_surrounded_by_moat
D:2:      nicolae_dithmenos_shadow_blocks, cheibriados_altar_1
D:3:      lemuel_coloured_pillars_altar, overflow_temple_1_default, first_bread,
          tso_altar

Skill      XL: |  1  2  3  4  5 |
---------------+----------------+-----
Armour         | 1 2 |  2.2
Fighting       | 4 |  4.1
Dodging        | 3 |  3.0
Unarmed Combat | 5 |  5.3
Stealth        | |  2.1

Action                   |  1- 3 |  4- 6 || total
-------------------------+-------+-------++-------
Melee: Unarmed           |   215 |    53 ||   268
  Use: Potion            |       |     1 ||     1
 Stab: Sleeping          |     1 |       ||     1
  Eat: Chunk             |     1 |     2 ||     3
